 Dungeon Crawl Stone Soup version 0.20-a0-618-gbb8d3ca (webtiles) character file.

49 Laan the Chiller (level 3, -2/24 HPs)
             Began as a Mummy Ice Elementalist on Feb 9, 2017.
             Slain by Sigmund
             ... wielding a +0 scythe
              (8 damage)
             ... on level 2 of the Dungeon.
             The game lasted 00:06:31 (1459 turns).

Laan the Chiller (Mummy Ice Elementalist)           Turns: 1459, Time: 00:06:32

Health: -2/24      AC:  2    Str: 11    XL:     3   Next: 51%
Magic:  5/7        EV: 12    Int: 15    God:
Gold:   87         SH:  0    Dex: 12    Spells: 6/7 levels left

rFire    x . .     SeeInvis .   (no weapon)
rCold    + . .     Gourm    .   a - +0 robe
rNeg     + + +     Faith    .   (no shield)
rPois    ∞         Spirit   .   (no helmet)
rElec    .         Reflect  .   (no cloak)
rCorr    .         Harm     .   (no gloves)
MR       .....                  (no boots)
Stlth    +.........             (no amulet)
Regen    0.1/turn               g - ring of wizardry
                                (no ring)

@: confused
A: no food or potions, fire vulnerability, cold resistance 1, negative energy
resistance 3, torment resistance, unbreathing
a: no special abilities


You were on level 2 of the Dungeon.
You were not hungry.

You visited 1 branch of the dungeon, and saw 2 of its levels.

You collected 87 gold pieces.

Inventory:

Armour
 a - a +0 robe (worn)
Jewellery
 g - a ring of wizardry (right hand)
 h - an uncursed ring of fire
Scrolls
 c - 2 scrolls of magic mapping {unknown}
 d - a scroll of recharging {unknown}
 e - a scroll of teleportation {unknown}
 f - a scroll of immolation {unknown}
Books
 b - a book of Frost

   Spells                             Type                      Level
   a - Freeze                         Ice                          1
   b - Throw Frost                    Conjuration/Ice              2
   c - Ozocubu's Armour               Charms/Ice                   3
   d - Throw Icicle                   Conjuration/Ice              4
   e - Summon Ice Beast               Ice/Summoning                4


   Skills:
 - Level 1.5 Dodging
 - Level 1.5 Stealth
 + Level 2.8 Spellcasting
   Level 0.7 Conjurations
 * Level 3.7 Ice Magic


You had 6 spell levels left.
You knew the following spells:

 Your Spells              Type           Power        Failure   Level  Hunger
a - Freeze                Ice            ##..         2%          1    N/A

Dungeon Overview and Level Annotations

Branches:
Dungeon (2/15)

Altars:

Annotations:
D:2 Sigmund


Innate Abilities, Weirdness & Mutations

You do not eat or drink.
Your flesh is vulnerable to fire.
You are immune to poison.
Your flesh is cold resistant. (rC+)
You are immune to negative energy. (rN+++)
You are immune to unholy pain and torment.
You can survive without breathing.


Message History

* * * LOW HITPOINT WARNING * * *
Casting: Freeze
Confirm with . or Enter, or press ? or * to list all spells.
Aiming: Freeze
Press: ? - help, Shift-Dir - straight line, f/p - Sigmund
Aim: Sigmund, wielding a scythe and wearing a robe (severely wounded)
You freeze Sigmund.
Sigmund is severely wounded.
The bat closely misses you. Sigmund casts a spell at you.
You are confused.
You're too confused to cast spells.
The bat hits you but does no damage. Sigmund barely misses you.
The bat barely misses you.
There is a stone staircase leading up here.
The bat hits you.
* * * LOW HITPOINT WARNING * * *
Sigmund giggles. "Time to reap what you sow."
Sigmund hits you from afar with a scythe!
You die...

.#...#####......#
...............##
#.......†#'####
+........#.####
#..........#..#
####.÷....##..#
#.......#..####.###.
##'#..b.#b..b.......
#.#.@.@#.######....
#.#.####.# g
#.#....b.#
#.########
###.######
#........#
#........#
#<.......###
#....>.....#


You could see Sigmund and a bat.

Vanquished Creatures
  An adder (D:2)
  A dart slug (D:1)
  2 leopard geckos (D:1)
  A giant cockroach (D:1)
  6 goblins (D:1)
  4 hobgoblins (D:1)
  4 jackals (D:1)
  4 kobolds (D:1)
  A ball python (D:2)
  6 bats (D:1)
  A frilled lizard (D:1)
  2 rats (D:1)
33 creatures vanquished.

Notes
Turn   | Place    | Note
-------+----------+-------------------------------------------
     0 | D:1      | Laan the Mummy Ice Elementalist began the quest for the Orb.
     0 | D:1      | Reached XP level 1. HP: 13/13 MP: 4/4
   160 | D:1      | Reached XP level 2. HP: 19/19 MP: 3/5
   209 | D:1      | Reached skill level 3 in Ice Magic
   764 | D:1      | Reached XP level 3. HP: 24/24 MP: 5/7
  1368 | D:2      | Noticed Sigmund
  1459 | D:2      | Slain by Sigmund

Vault maps used:
D:1:      dpeg_arrival_lava_temple_mockup
D:2:      trog_hazing_becter, uniq_sigmund

Skill      XL: |  1  2 |
---------------+-------+-----
Ice Magic      | 3 |  3.7
Dodging        | |  1.5
Stealth        | |  1.5
Spellcasting   | |  2.8
Conjurations   | |  0.7

Action                   || total
-------------------------++-------
Melee: Unarmed           ||     3
 Cast: Freeze            ||    67
Armor: Robe              ||    14
Dodge: Dodged            ||    46
